 Dungeon Crawl Stone Soup version 0.21.0-3-g78d12a8 (webtiles) character file.

334 MDvedh the Spear-Bearer (level 6, -1/47 HPs)
             Began as a Merfolk Monk on Jan 9, 2018.
             Slain by Grinder (5 damage)
             ... while paralysed by Grinder
             ... on level 3 of the Dungeon.
             The game lasted 00:05:20 (3042 turns).

MDvedh the Spear-Bearer (Merfolk Monk)              Turns: 3042, Time: 00:05:21

Health: -1/47      AC:  6    Str: 13    XL:     6   Next: 53%
Magic:  6/6        EV:  2    Int: 10    God:
Gold:   245        SH:  0    Dex: 16    Spells: 5/5 levels left

rFire    . . .     SeeInvis .   t - +1 trident
rCold    . . .     Gourm    .   (no shield)
rNeg     . . .     Faith    .   d - +1 ring mail
rPois    .         Spirit   .   (no helmet)
rElec    .         Reflect  .   (no cloak)
rCorr    .         Harm     .   (no gloves)
MR       .....                  (no boots)
Stlth    +.........             (no amulet)
HPRegen  0.15/turn              (no ring)
MPRegen  0.10/turn              (no ring)

@: paralysed
A: change form in water, swift swim, stealthy swim
a: no special abilities


You were on level 3 of the Dungeon.
You were not hungry.

You visited 1 branch of the dungeon, and saw 4 of its levels.

You collected 245 gold pieces.

Inventory:

Hand Weapons
 t - a +1 trident (weapon)
Armour
 b - a +0 robe
 d - a +1 ring mail (worn)
Wands
 s - a wand of polymorph (24)
Scrolls
 h - a scroll of enchant weapon
 l - a scroll of enchant armour
Potions
 f - 2 potions of curing
 k - 2 potions of brilliance
 m - a potion of cancellation {unknown}
 n - a potion of degeneration {unknown}
 o - a potion of heal wounds
 q - a potion of agility {unknown}
Comestibles
 c - 8 rations


   Skills:
 - Level 3.2 Fighting
 + Level 10.2 Polearms
 - Level 4.0 Dodging
 - Level 2.1 Stealth


You had 5 spell levels left.
You didn't know any spells.

Dungeon Overview and Level Annotations

Branches:
Dungeon (4/15)
 Temple: D:4-7

Altars:
Nemelex Xobeh
The Shining One

Annotations:
D:3 Grinder


Message History

Unknown command.
You feel much better. Grinder hits you but does no damage.
You completely miss Grinder.
Grinder is severely wounded.
You hit Grinder but do no damage.
Grinder is severely wounded.
Grinder hits you but does no damage.
You hit Grinder.
Grinder is severely wounded.
Grinder gestures at you.
You suddenly lose the ability to move!
Grinder hits you.
You writhe in agony.
Grinder hits you.
You writhe in agony.
* * * LOW HITPOINT WARNING * * *
Grinder hits you.
* * * LOW HITPOINT WARNING * * *
You writhe in agony.
* * * LOW HITPOINT WARNING * * *
Grinder hits you.
You die...

.#.########.##...## #..#
.#.##.......###.## #..#
................# #..#
.#.##.#####.##### #..# .#.##.###
#.# #..# .#.##..)###.##### #..#
......#.........# #..#
#.....#....####)######.##
#.....###..# #)@5.....# #####
#.....#...## ########.# ##...#
##....#.### #.###⌠.⌠.#
##.##...##############.##.._..###
#...##....................⌠.⌠...<
(......#####...........####...###
#...##.# #.########### #####
##.###.# #.# ...# #.# #.#


You could see Grinder.

Vanquished Creatures
  A phantom (D:4)
  An orc priest (D:3)
  3 orc wizards (D:3)
  4 adders
  An ooze (D:1)
  2 worms (D:2)
  3 dart slugs
  9 orcs (D:3)
  A ball python (D:3)
  5 giant cockroaches
  6 goblins
  8 hobgoblins
  5 jackals
  9 kobolds
  12 bats
  9 frilled lizards
  3 rats
82 creatures vanquished.

Notes
Turn   | Place    | Note
-------+----------+-------------------------------------------
     0 | D:1      | MDvedh the Merfolk Monk began the quest for the Orb.
     0 | D:1      | Reached XP level 1. HP: 18/18 MP: 1/1
    98 | D:1      | Reached skill level 5 in Polearms
   127 | D:1      | Reached XP level 2. HP: 24/24 MP: 2/2
   358 | D:1      | Reached skill level 6 in Polearms
   358 | D:1      | Reached XP level 3. HP: 29/29 MP: 3/3
  1082 | D:2      | Found a glowing golden altar of the Shining One.
  1096 | D:2      | Reached skill level 7 in Polearms
  1096 | D:2      | Reached XP level 4. HP: 35/35 MP: 4/4
  1715 | D:3      | Reached skill level 8 in Polearms
  1715 | D:3      | Reached XP level 5. HP: 13/41 MP: 5/5
  2201 | D:3      | Found a sparkling altar of Nemelex Xobeh.
  2521 | D:4      | Noticed a phantom
  2538 | D:4      | Killed a phantom
  2538 | D:4      | Reached skill level 9 in Polearms
  2538 | D:4      | Reached XP level 6. HP: 26/47 MP: 6/6
  2651 | D:4      | Noticed Grinder
  2922 | D:3      | Reached skill level 10 in Polearms
  3031 | D:3      | HP: 2/47 [Grinder (5)]
  3038 | D:3      | Paralysed by Grinder for 5 turns
  3042 | D:3      | Slain by Grinder

Skill      XL: |  1  2  3  4  5  6 |
---------------+-------------------+-----
Polearms       | 5 6 7 8 9 10 | 10.2
Fighting       | |  3.2
Dodging        | |  4.0
Stealth        | |  2.1

Action                   |  1- 3 |  4- 6 || total
-------------------------+-------+-------++-------
Melee: Spear             |   178 |   197 ||   375
       Trident           |       |    60 ||    60
  Use: Scroll            |       |    10 ||    10
       Potion            |       |     2 ||     2
 Stab: Sleeping          |     2 |     1 ||     3
  Eat: Chunk             |     1 |     3 ||     4
       Ration            |       |     1 ||     1
Armor: Ring mail         |    26 |    49 ||    75
Dodge: Dodged            |    67 |    90 ||   157
